Map: Eternal Empire LE

Players

Bombs

  • Race: Terran Terran
  • Spawn Location: 1:00

A.I. 2 (Elite) - Winner!

  • Race: Protoss Protoss
  • Spawn Location: 7:00

VOD

Have the link to the VOD?

Description

Time

  • Played on: Aug. 27, 2020, 2:32 p.m.
  • Length: 12:48
Show
View Real Time Build Order
Export as new Build Order

Bombs Terran 

Build Orders:  

Get SALT Encoding   

  12  0:02  SCV  
  13  0:14  SCV  
  14  0:18  Supply Depot  
  14  0:27  SCV  
  15  0:39  SCV  
  15  0:41  Barracks  
  16  0:45  Refinery  
  16  0:51  SCV  
  17  1:04  SCV  
  18  1:18  SCV  
  19  1:29  Marine  
  19  1:30  Orbital Command  
  20  1:33  Supply Depot  
  20  1:47  Marine  
  21  1:56  SCV  
  21  1:59  Command Center  
  22  2:03  Bunker  
  22  2:06  Marine  
  23  2:08  SCV  
  24  2:17  Barracks  
  24  2:20  SCV  
  25  2:24  Marine  
  26  2:33  Barracks, SCV  
  27  2:42  Barracks Reactor  
  27  2:45  SCV  
  28  2:57  SCV  
  29  3:05  Barracks Tech Lab  
  29  3:09  SCV  
  29  3:10  Engineering Bay  
  29  3:11  Orbital Command  
  30  3:19  Marine x2  
  31  3:21  SCV  
  31  3:23  Barracks Tech Lab  
  31  3:24  Stimpack  
  33  3:27  Marauder  
  33  3:33  SCV  
  33  3:34  Supply Depot  
  36  3:38  SCV  
  36  3:40  Marine x2  
  39  3:44  Combat Shield  
  39  3:45  SCV  
  39  3:48  Marauder  
  42  3:50  SCV  
  43  3:56  Marauder, Supply Depot  
  43  3:57  SCV  
  43  3:59  Marine x2  
  48  4:03  SCV  
  48  4:08  Missile Turret  
  48  4:09  SCV  
  50  4:14  Marauder  
  50  4:15  SCV  
  53  4:19  Supply Depot  
  53  4:21  SCV  
  54  4:25  Marauder  
  54  4:27  SCV  
  54  4:28  Supply Depot  
  54  4:29  Marine x2  
  59  4:33  SCV  
  60  4:39  SCV  
  61  4:46  Refinery, Supply Depot, SCV  
  61  4:47  Refinery  
  61  4:49  Marauder x2  
  61  4:51  SCV  
  67  4:54  Marine x2  
  67  4:57  Supply Depot  
  67  4:58  SCV  
  70  5:03  SCV  
  71  5:10  Marauder, SCV  
  71  5:11  Marauder  
  76  5:15  SCV  
  76  5:18  Factory  
  76  5:20  Marine x2, Supply Depot  
  79  5:22  SCV  
  79  5:24  Supply Depot  
  79  5:27  SCV  
  76  5:38  SCV  
  76  5:39  Marine x2, Marauder  
  76  5:40  Marauder, SCV  
  79  5:50  SCV  
  79  5:53  SCV  
  79  5:54  Command Center  
  81  6:03  SCV  
  82  6:04  Starport, Factory Reactor  
  82  6:05  SCV  
  82  6:11  Barracks  
  83  6:12  Refinery  
  83  6:13  Barracks  
  83  6:15  Terran Infantry Weapons Level 1, SCV  
  83  6:16  Marine x2  
  83  6:17  SCV  
  87  6:22  Marauder x2  
  91  6:27  SCV  
  91  6:30  SCV  
  93  6:36  Marine  
  93  6:37  Marine  
  93  6:39  SCV  
  96  6:42  SCV  
  96  6:46  Engineering Bay  
  97  6:47  Armory, Marauder x2  
  97  6:51  SCV  
  97  6:54  SCV  
  103  6:55  Factory Reactor  
  103  6:56  Medivac x2  
  103  6:59  Supply Depot x2  
  103  7:00  Barracks Tech Lab  
  107  7:01  Barracks Reactor  
  107  7:03  SCV  
  107  7:06  Marine x2, SCV  
  111  7:10  Orbital Command  
  111  7:15  SCV  
  112  7:18  SCV  
  112  7:19  Marine  
  112  7:20  Marine, Marauder  
  117  7:24  Refinery  
  117  7:25  Refinery  
  117  7:27  Medivac x2, Terran Infantry Armor Level 1, SCV  
  122  7:30  SCV  
  122  7:31  Marine x2  
  125  7:38  Marauder  
  125  7:39  Supply Depot, SCV  
  125  7:42  Marine x2  
  125  7:43  Marauder x2  
  134  7:48  Widow Mine x2  
  134  7:49  Marine  
  128  7:59  Marine, Marauder  
  128  8:00  Medivac, Marine x2  
  128  8:04  Marauder x2  
  117  8:07  Marine  
  117  8:08  SCV  
  117  8:09  Widow Mine  
  117  8:11  Terran Infantry Weapons Level 2  
  121  8:14  Medivac  
  121  8:17  Marine  
  124  8:21  Marauder  
  124  8:23  Marine x2  
  128  8:28  Marine  
  128  8:29  Marauder x2  
  133  8:38  Widow Mine x2  
  137  8:42  Marauder, Supply Depot x2  
  137  8:46  Medivac  
  137  8:47  Medivac  
  143  8:50  Marauder  
  143  8:52  Marine x2  
  143  8:53  Marauder  
  149  9:02  Command Center  
  149  9:03  Marine x2  
  149  9:04  Marauder  
  149  9:05  Ghost Academy  
  153  9:10  Marine x2  
  153  9:11  Widow Mine x2  
  153  9:12  Marauder  
  153  9:14  Marauder  
  163  9:19  Medivac  
  163  9:23  Supply Depot  
  165  9:25  Marine  
  165  9:26  Medivac, Marauder, Supply Depot  
  165  9:28  Supply Depot x2  
  165  9:30  Marine x2  
  172  9:31  Terran Infantry Armor Level 2  
  172  9:33  Marauder  
  172  9:35  Marine, Marauder  
  177  9:43  Marine  
  177  9:44  Supply Depot  
  177  9:45  Supply Depot  
  178  9:47  Marauder, Supply Depot  
  178  9:48  Marine  
  180  9:54  Marauder  
  179  10:07  Command Center  
  174  10:20  Marine x4, Marauder  
  174  10:21  Marauder x2  
  159  10:22  SCV x2  
  159  10:25  Medivac x2, Command Center  
  151  10:38  Marine  
  151  10:42  Marauder  
  154  10:44  Widow Mine  
  154  10:45  Widow Mine  
  154  10:49  Marine x3  
  164  10:50  Marauder x2  
  164  10:55  Medivac, Marine  
  168  11:00  Enhanced Shockwaves  
  168  11:03  Marauder  
  168  11:04  Medivac  
  172  11:19  Widow Mine x2  
  172  11:24  Planetary Fortress  
  172  11:25  Medivac  
  178  11:32  Barracks x2  
  178  11:34  Medivac, Barracks  
  180  11:40  Widow Mine x2  
  180  11:42  Missile Turret  
  184  11:55  Medivac, Marine  
  184  11:56  Marine, Marauder x2  
  192  12:04  Medivac  
  192  12:07  Marine, Marauder  
  185  12:08  Marine  
  185  12:10  Widow Mine  
  185  12:11  Widow Mine  
  185  12:13  Marine x2  
  176  12:17  Marauder  
  176  12:18  Marauder  
  180  12:25  Barracks Tech Lab x3  
Show
View Real Time Build Order
Export as new Build Order

A.I. 2 (Elite) Protoss - Winner!

Build Orders: Colossus Rush 

Get SALT Encoding   

  12  0:00  Probe  
  13  0:13  Probe  
  14  0:19  Pylon  
  14  0:25  Probe  
  15  0:34  Probe  
  15  0:42  Probe  
  16  0:47  Assimilator  
  17  0:50  Gateway  
  17  0:52  Probe  
  18  1:00  Probe  
  18  1:01  Pylon  
  19  1:08  Probe  
  19  1:18  Probe  
  21  1:36  Gateway  
  21  1:39  Probe  
  22  1:40  Zealot  
  22  1:43  Cybernetics Core  
  24  1:50  Pylon  
  24  1:51  Probe  
  25  1:58  Zealot  
  25  2:03  Probe  
  28  2:10  Warp Gate  
  28  2:11  Assimilator  
  28  2:15  Probe  
  29  2:24  Adept  
  29  2:25  Adept  
  29  2:27  Probe  
  34  2:35  Pylon  
  34  2:39  Probe  
  35  2:51  Probe  
  35  2:54  Sentry  
  35  2:55  Adept  
  40  3:03  Probe  
  41  3:15  Nexus  
  41  3:16  Probe  
  42  3:22  Stalker  
  44  3:28  Probe  
  45  3:37  Robotics Facility  
  45  3:40  Probe  
  46  3:52  Probe  
  46  3:53  Pylon  
  47  4:08  Probe  
  47  4:11  Adept  
  47  4:16  Probe  
  50  4:17  Adept  
  53  4:25  Probe  
  53  4:26  Probe  
  53  4:30  Adept  
  57  4:38  Robotics Bay, Probe x2  
  58  4:42  Observer  
  60  4:48  Robotics Facility  
  60  4:50  Probe x2  
  62  4:56  Pylon  
  62  4:58  Stalker  
  64  5:02  Probe  
  64  5:03  Probe, Stalker  
  68  5:09  Pylon  
  68  5:11  Probe  
  69  5:15  Probe  
  69  5:16  Colossus  
  76  5:32  Adept  
  74  5:38  Zealot, Pylon  
  76  5:45  Probe, Assimilator  
  76  5:47  Twilight Council  
  76  5:49  Assimilator  
  77  5:52  Stalker  
  77  5:55  Gateway  
  79  5:59  Zealot  
  81  6:08  Probe  
  81  6:09  Probe  
  81  6:10  Pylon  
  83  6:17  Probe  
  83  6:22  Probe  
  83  6:25  Probe  
  85  6:26  Templar Archives  
  85  6:29  Nexus  
  86  6:34  Probe  
  86  6:39  Pylon  
  87  6:42  Forge  
  87  6:47  Forge  
  87  6:53  Stalker  
  89  6:58  Stalker  
  91  7:02  Stalker  
  93  7:11  Pylon  
  93  7:12  Observer  
  93  7:16  Zealot  
  93  7:20  Pylon  
  93  7:21  Protoss Ground Armor Level 1, Stalker  
  97  7:24  Protoss Ground Weapons Level 1  
  97  7:25  Sentry  
  97  7:29  Gateway  
  99  7:36  High Templar  
  101  7:40  Photon Cannon  
  101  7:41  Pylon  
  101  7:42  Probe  
  101  7:43  Probe x2  
  104  7:44  Stalker  
  104  7:46  Zealot  
  108  7:55  Probe x3  
  97  8:00  Zealot  
  97  8:05  Assimilator  
  87  8:07  Probe x2, Zealot  
  87  8:08  Zealot, Assimilator  
  87  8:09  Probe  
  94  8:17  Immortal  
  94  8:19  Probe  
  95  8:20  Adept, Probe  
  95  8:21  Probe  
  95  8:22  Zealot  
  101  8:27  Zealot  
  101  8:29  Stalker  
  101  8:31  Probe x2  
  101  8:33  Probe  
  112  8:40  Probe, Stalker  
  114  8:41  Probe  
  114  8:43  Probe, Sentry  
  114  8:47  Zealot, Immortal  
  125  8:52  Sentry  
  127  8:57  Pylon  
  127  9:03  Zealot  
  127  9:05  Zealot, Immortal  
  127  9:07  Adept  
  137  9:15  Charge, Stalker  
  139  9:19  Pylon  
  139  9:23  Stalker  
  141  9:25  Stalker  
  141  9:27  Immortal  
  141  9:28  High Templar  
  149  9:33  Nexus  
  149  9:38  Stalker  
  151  9:40  Protoss Ground Weapons Level 2  
  151  9:44  Immortal  
  155  9:46  Psionic Storm  
  155  9:47  Pylon  
  155  10:01  Photon Cannon  
  155  10:06  Zealot, Immortal  
  153  10:10  Zealot  
  153  10:11  Pylon  
  153  10:13  Zealot  
  153  10:15  Zealot  
  133  10:26  Adept  
  109  10:30  Adept  
  109  10:33  Stalker  
  113  10:35  Zealot  
  115  10:46  Immortal, Stalker  
  115  10:49  Stalker  
  123  10:50  Zealot  
  123  10:55  High Templar  
  127  10:59  Immortal  
  131  11:09  Photon Cannon, Zealot, Archon, High Templar  
  131  11:10  Stalker  
  137  11:12  Photon Cannon  
  137  11:19  Pylon  
  137  11:21  Pylon  
  137  11:26  Warp Prism, Observer  
  137  11:27  Adept  
  137  11:29  Stalker  
  142  11:33  High Templar  
  142  11:39  Photon Cannon  
  146  11:41  Sentry  
  146  11:42  Pylon  
  148  11:47  Adept, Observer  
  148  11:48  Archon  
  148  11:52  Photon Cannon, High Templar  
  148  11:53  Assimilator  
  153  11:58  Assimilator  
  153  11:59  Immortal  
  153  12:02  Zealot  
  153  12:04  Zealot  
  153  12:05  Zealot  
  99  12:18  Zealot  
  72  12:23  Probe  
  72  12:24  Zealot, High Templar  
  72  12:25  Probe  
  72  12:26  Adept  
  73  12:32  Probe  
  73  12:35  Probe x2  
  65  12:38  Stalker  
  66  12:44  Adept  
Tags
 
Add a new tag
Caveats
  • Supply blocks, unpowered buildings, or Contaminate may cause inaccurate times.
  • Supply counts are checked every 10 seconds.